 Dungeon Crawl Stone Soup version 0.21.1-1-g345015f (webtiles) character file.

305 aMcNicky the Chopper (level 6, -1/48 HPs)
             Began as a Human Chaos Knight on Mar 7, 2018.
             Slain by Pikel
             ... wielding a +0 whip of freezing
              (3 damage)
             ... on level 4 of the Dungeon.
             The game lasted 00:14:06 (3921 turns).

aMcNicky the Chopper (Human Chaos Knight)           Turns: 3921, Time: 00:14:06

Health: -1/48      AC: 10    Str: 17    XL:     6   Next: 66%
Magic:  6/6        EV: 11    Int: 14    God:    Xom [.....*]
Gold:   196        SH:  0    Dex: 12    Spells: 4/5 levels left

rFire    . . .     SeeInvis .   D - +0 war axe
rCold    . . .     Gourm    .   (no shield)
rNeg     . . .     Faith    .   C - +0 scale mail
rPois    .         Spirit   .   (helmet restricted)
rElec    .         Reflect  .   z - +0 cloak
rCorr    .         Harm     .   (no gloves)
MR       .....     Clarity  +   (no boots) Stlth ..........Rnd*Tele +
                                (no amulet)
HPRegen  0.16/turn              f - +3 ring of slaying
MPRegen  0.10/turn              t - ring of teleportation

@: no status effects
A: beak, slimy green scales 1, clarity, clever 1, strong 1, wild magic 1,
evolution 1, sturdy frame 1
a: Renounce Religion


You were on level 4 of the Dungeon.
You worshipped Xom.
You were Xom's teddy bear.
You were not hungry.

You visited 1 branch of the dungeon, and saw 4 of its levels.

You collected 196 gold pieces.

Inventory:

Hand Weapons
 a - a +0 hand axe of chaos
 D - a +0 war axe (weapon)
Armour
 b - a +2 leather armour
 p - a +2 helmet
 x - a +0 leather armour
 z - a +0 cloak (worn)
 C - a +0 scale mail (worn)
Jewellery
 f - a +3 ring of slaying (left hand)
 t - a ring of teleportation (right hand)
Wands
 n - a wand of flame (21)
 u - a wand of iceblast (10)
Scrolls
 d - 3 scrolls of teleportation
 g - a scroll of amnesia {unknown}
 j - a scroll of remove curse {@r2}
 l - a scroll of enchant armour {unknown}
 r - a scroll of fog {unknown}
 s - 2 scrolls of identify {unknown}
 v - a scroll of fear {unknown}
 y - a scroll of magic mapping {unknown}
Potions
 e - a potion of invisibility {unknown}
 h - 3 potions of haste {unknown}
 i - 2 potions of flight {unknown}
 k - a potion of might {unknown}
 m - a potion of agility
 q - 2 potions of brilliance {unknown}
 w - a potion of resistance {unknown}
 A - a potion of heal wounds {unknown}
Books
 o - Jessica's Disquisition on Boosts
   (You found it on level 2 of the Dungeon)

   Spells                             Type                      Level
   a - Infusion                       Charms                       1
Comestibles
 c - 5 rations
 B - 8 chunks of flesh


   Skills:
 + Level 4.0 Fighting
 * Level 4.9 Axes
 + Level 3.3 Armour
 + Level 2.8 Dodging


You had 4 spell levels left.
You knew the following spells:

 Your Spells              Type           Power        Failure   Level  Hunger
a - Infusion              Chrm           #...         61%         1    ##.....


Dungeon Overview and Level Annotations

Branches:
Dungeon (4/15)
 Temple: D:4-7

Altars:
Qazlal
Sif Muna
Xom

Annotations:
D:4 Pikel


Innate Abilities, Weirdness & Mutations

You have a beak for a mouth.
You are partially covered in slimy green scales. (AC +2)
You possess an exceptional clarity of mind.
Your mind is acute. (Int +2)
Your muscles are strong. (Str +2)
Your spells are a little harder to cast, but a little more powerful.
You evolve.
Your movements are slightly less encumbered by armour. (ER -2)


Message History

The phantom closely misses you.
You hit Pikel.
Pikel is almost dead.
You slash the phantom! Pikel hits you with a whip of freezing.
Pikel freezes you. The phantom hits you!
* * * LOW HITPOINT WARNING * * *
Pikel hits you with a whip of freezing.
* * * LOW HITPOINT WARNING * * *
Pikel freezes you.
* * * LOW HITPOINT WARNING * * *
The phantom hits you.
* * * LOW HITPOINT WARNING * * *
You emit a cloud of colourful smoke!
You miss Pikel. Your peck misses Pikel.
Pikel is almost dead.
Pikel hits you with a whip of freezing.
* * * LOW HITPOINT WARNING * * *
Pikel freezes you.
You die...
Xom chuckles heartily!

############
......ยงยงยง.>#
#######@##.#########
#K#..........##.
.__.p.pW#....#.###....#
....p####....#....######
.#_# .........##......#
# #...............#.#
#.....######.......
##....#######....##
####.##....#[.....


You could see Pikel, a phantom and a slave.

Vanquished Creatures
  A slave (D:4)
  A quasit (D:3)
  Crazy Yiuf (D:3)
  An orc priest (D:4)
  A jelly (D:2)
  Jessica (D:2)
  5 adders
  A gnoll (D:1)
  A worm (D:3)
  4 dart slugs
  A leopard gecko (D:1)
  7 orcs
  3 giant cockroaches
  9 goblins
  8 hobgoblins
  5 kobolds
  3 quokkas (D:2)
  A ball python (D:2)
  10 bats
  4 frilled lizards
  4 rats (D:1)
72 creatures vanquished.

Vanquished Creatures (others)
  An orc wizard (D:4)
1 creature vanquished.

Grand Total: 73 creatures vanquished

Notes
Turn   | Place    | Note
-------+----------+-------------------------------------------
     0 | D:1      | aMcNicky the Human Chaos Knight began the quest for the Orb.
     0 | D:1      | Reached XP level 1. HP: 18/18 MP: 1/1
   407 | D:1      | XOM: harmless Erth miscast
   410 | D:1      | Reached XP level 2. HP: 24/24 MP: 2/2
   846 | D:1      | Reached XP level 3. HP: 29/29 MP: 3/3
   927 | D:1      | XOM: harmless Summ miscast
   957 | D:1      | XOM: harmless Hex miscast
   965 | D:1      | XOM: silly message
   970 | D:1      | XOM: butterfly on damage
  1196 | D:1      | XOM: scenery: create altars
  1485 | D:1      | XOM: divination: detect items
  1650 | D:2      | Noticed Jessica
  1659 | D:2      | Killed Jessica
  1659 | D:2      | Reached XP level 4. HP: 28/35 MP: 4/4
  1678 | D:2      | Identified Jessica's Disquisition on Boosts
  1759 | D:2      | Learned a level 1 spell: Infusion
  1916 | D:2      | Found a deep blue altar of Sif Muna.
  2058 | D:2      | Reached XP level 5. HP: 36/41 MP: 5/5
  2153 | D:2      | XOM: divination: magic mapping
  2394 | D:2      | XOM: give mutations
  2394 | D:2      | Gained mutation: You have a beak for a mouth. [Xom's grace]
  2394 | D:2      | Gained mutation: Your muscles are strong. (Str +2) [Xom's grace]
  2394 | D:2      | Gained mutation: Your spells are a little harder to cast, but a little more powerful. [Xom's grace]
  2458 | D:2      | Found a stormy altar of Qazlal.
  2769 | D:3      | XOM: 3-stop teleportation journey
  2775 | D:3      | XOM: god gift: leather armour {god gift}
  2821 | D:3      | Found a runed door.
  2926 | D:3      | Noticed Grinder
  2928 | D:3      | Noticed Grinder
  2928 | D:3      | Grinder changed into Grinder the quasit
  2928 | D:3      | XOM: polymorph Grinder -> Grinder the quasit
  2931 | D:3      | Killed Grinder the quasit
  2963 | D:3      | Reached XP level 6. HP: 45/48 MP: 6/6
  3329 | D:3      | XOM: give mutations
  3329 | D:3      | Gained mutation: Your movements are slightly less encumbered by armour. (ER -2) [Xom's grace]
  3329 | D:3      | Gained mutation: You evolve. [Xom's grace]
  3329 | D:3      | Gained mutation: You are partially covered in slimy green scales. (AC +2) [Xom's grace]
  3329 | D:3      | Gained mutation: You possess an exceptional clarity of mind. [Xom's grace]
  3587 | D:3      | Noticed Crazy Yiuf
  3593 | D:3      | Killed Crazy Yiuf
  3597 | D:3      | XOM: give mutation
  3597 | D:3      | Gained mutation: Your mind is acute. (Int +2) [Xom's grace]
  3904 | D:4      | XOM: god gift: 23 gold pieces
  3908 | D:4      | Noticed Pikel
  3908 | D:4      | Noticed a slave
  3908 | D:4      | Noticed a slave
  3908 | D:4      | Noticed a slave
  3909 | D:4      | Noticed a slave
  3911 | D:4      | Killed a slave
  3913 | D:4      | XOM: scenery: create altars
  3914 | D:4      | Noticed a phantom
  3919 | D:4      | XOM: smoke on damage
  3921 | D:4      | HP: 2/48 [Pikel/whip of freezing (5)]
  3921 | D:4      | Slain by Pikel

Skill      XL: |  1  2  3  4  5  6 |
---------------+-------------------+-----
Axes           | 4 |  4.9
Dodging        | 2 |  2.8
Armour         | 3 |  3.3
Fighting       | 4 |  4.0

Action                   |  1- 3 |  4- 6 || total
-------------------------+-------+-------++-------
Melee: Hand axe          |   126 |   101 ||   227
       Peck              |       |    18 ||    18
       War axe           |       |    12 ||    12
 Cast: Infusion          |       |     1 ||     1
  Use: Scroll            |       |     3 ||     3
 Stab: Sleeping          |     1 |     1 ||     2
  Eat: Chunk             |     1 |     2 ||     3
       Ration            |     1 |     2 ||     3
Armor: Leather armour    |    47 |    27 ||    74
       Scale mail        |       |     4 ||     4
Dodge: Dodged            |    64 |    53 ||   117
